 Dungeon Crawl Stone Soup version 0.31-a0-818-ge7c7cf74f0 (webtiles) character file.

Game seed: 11687103815067661029

17971 greasedhog the Spear-Bearer (level 12, -17/77 HPs)
             Began as a Tengu Fighter on Sept 18, 2023.
             Was an Elder of Okawaru.
             Demolished by Rupert
             ... wielding a +2 great mace of protection
              (27 damage)
             ... on level 3 of the Lair of Beasts on Sept 23, 2023.
             The game lasted 00:22:03 (12134 turns).

greasedhog the Spear-Bearer (Tengu Fighter)        Turns: 12134, Time: 00:22:04

Health: -17/77     AC: 27    Str: 21    XL:     12   Next: 53%
Magic:  25/29      EV: 13    Int:  8    God:    Okawaru [****..]
Gold:   458        SH:  6    Dex: 15    Spells: 11/11 levels left

rFire   + . .        a - +2 trident (freeze)
rCold   . . .        c - +0 buckler
rNeg    . . .        k - +0 plate armour
rPois   +            H - +0 hat "Qasyxtunt" {rPois Regen+ SInv}
rElec   .            G - +1 cloak
rCorr   .            x - +3 pair of gloves "Yshrurull" {Fly Will+ MP+9}
SInv    +            (boots unavailable)
Will    +....        (no amulet) Stlth
                     i - ring of protection from fire
HPRegen 1.12/turn    N - +4 ring of protection
MPRegen 0.21/turn

%: acrobat
@: mighty, heroic, finesse-ful, flying
A: beak, talons 3, evasive flight, acrobatic
a: Renounce Religion, Heroism, Finesse


You were on level 3 of the Lair of Beasts.
You worshipped Okawaru.
Okawaru was greatly pleased with you.
You visited 3 branches of the dungeon, and saw 14 of its levels.
You also visited: Bailey.

You collected 695 gold pieces.
You spent 237 gold pieces at shops.

Inventory:

Hand Weapons
 a - a +2 trident of freezing (weapon)
Armour
 c - a +0 buckler (worn)
 k - a +0 plate armour (worn)
 x - the +3 pair of gloves "Yshrurull" (worn) {Fly Will+ MP+9}
   (You acquired it in a bailey)

   Will+:     It increases your willpower.
   MP+9:      It affects your magic capacity (+9).
   Fly:       It grants you flight.
 G - a +1 cloak (worn)
 H - the +0 hat "Qasyxtunt" (worn) {rPois Regen+ SInv}
   (You acquired it in a bailey)

   rPois:     It protects you from poison SInv: It lets you see invisible.
   Regen+:    It increases your rate of health regeneration.
Jewellery
 i - a ring of protection from fire (left hand)
 l - a ring of protection from fire
 N - a +4 ring of protection (right hand)
 O - a +5 ring of evasion
Wands
 q - a wand of roots (9)
 v - a wand of charming (18)
 y - a wand of flame (33)
 F - a wand of digging (15)
 K - a wand of polymorph (6)
 L - a wand of acid (5)
Scrolls
 b - 2 scrolls of butterflies
 f - 2 scrolls of fog
 j - 2 scrolls of vulnerability {unknown}
 m - 2 scrolls of amnesia {unknown}
 p - 6 scrolls of teleportation
 t - 2 scrolls of identify
 u - 5 scrolls of fear {unknown}
 z - 2 scrolls of enchant armour {unknown}
 B - a scroll of poison {unknown}
 C - 2 scrolls of blinking
 I - a scroll of revelation {unknown}
Potions
 d - a potion of lignification
 g - a potion of cancellation
 h - 2 potions of berserk rage {unknown}
 n - 9 potions of curing
 o - 5 potions of haste {unknown}
 r - 2 potions of mutation {unknown}
 w - a potion of degeneration {unknown}
 A - 2 potions of ambrosia {unknown}
 D - 2 potions of attraction {unknown}
 E - a potion of enlightenment {unknown}
 M - 2 potions of magic {unknown}


   Skills:
 - Level 10.2(15.2) Fighting
 - Level 14.1(19.1) Polearms
 + Level 8.3(13.3) Armour
 - Level 3.0(8.0) Shields
 * Level 9.5 Invocations


You had 11 spell levels left.
You didn't know any spells.
Your spell library contained the following spells:

 Spells                   Type           Power      Damage    Failure   Level
 Foxfire                  Conj/Fire      0%         2x1d4     99%         1
 Slow                     Hex            0%         N/A       99%         1
 Blink                    Tloc           0%         N/A       100%        2
 Ensorcelled Hibernation  Hex/Ice        0%         N/A       100%        2
 Jinxbite                 Hex            0%         N/A       100%        2
 Confusing Touch          Hex            0%         N/A       100%        3
 Ozocubu's Armour         Ice            0%         N/A       100%        3
 Sigil of Binding         Hex            0%         N/A       100%        3
 Stone Arrow              Conj/Erth      0%         3d7       100%        3
 Vampiric Draining        Necr           0%         2d6       100%        3
 Anguish                  Hex/Necr       0%         N/A       100%        4
 Manifold Assault         Tloc           0%         N/A       100%        4
 Plasma Beam              Fire/Air       0%         2x1d10    100%        6
 Starburst                Conj/Fire      0%         6d3       100%        6
 Ozocubu's Refrigeration  Ice            0%         4d7       100%        7
 Lehudib's Crystal Spear  Conj/Erth      0%         10d2      100%        8
 Animate Armour           Summ/Erth      Unusable   N/A       N/A         4

Dungeon Overview and Level Annotations

Branches:
Dungeon (10/15)            Temple (1/1) D:4            Lair (3/5) D:9
  Snake (0/4) Lair:2          Orc (0/2) D:9          Bailey (visited)
  Swamp: Lair:2-3    Shoals: Lair:2-3

Altars:
Ashenzari
Cheibriados
Dithmenos
Elyvilon
Fedhas
Gozag
Hepliaklqana
Kikubaaqudgha
Makhleb
Nemelex Xobeh
Okawaru
Qazlal
Ru
Sif Muna
Trog
Uskayaw
Vehumet
Wu Jian
Xom
Yredelemnul
Zin
The Shining One

Shops:
D:4 *   D:10 (

Annotations:
Lair:3 Rupert


Innate Abilities, Weirdness & Mutations

You have a beak for a mouth.
You have claws for feet.
Your magical flight helps you evade attacks. (EV +4)
You can magically evade attacks while moving or waiting.


Message History

Rupert is heavily wounded.
The cane toad misses you.
Rupert roars madly and goes into a rage!
Rupert goes berserk!
Rupert struggles against the net.
You puncture Rupert! You freeze Rupert. You claw Rupert, but do no damage.
Rupert is heavily wounded.
You hit Rupert but do no damage. You claw Rupert.
You peck Rupert, but do no damage.
Rupert is heavily wounded.
You puncture Rupert! You freeze Rupert. You claw Rupert, but do no damage.
Rupert is heavily wounded.
The cane toad stings you!
* * * LOW HITPOINT WARNING * * *
You hit Rupert. You freeze Rupert. You peck Rupert, but do no damage.
Rupert is severely wounded.
Rupert struggles against the net.
The net rips apart, and Rupert comes free!
You closely miss Rupert. You claw Rupert.
Rupert is severely wounded.
You hit Rupert but do no damage. You claw Rupert.
Rupert is severely wounded.
The cane toad stings you!
* * * LOW HITPOINT WARNING * * *
You block Rupert's attack.
You impale Rupert!! You freeze Rupert. You claw Rupert, but do no damage.
You peck Rupert, but do no damage.
Rupert is severely wounded.
You feel better. Rupert hits you but does no damage.
You block the cane toad's attack. Rupert closely misses you.
You feel very mighty all of a sudden. The cane toad stings you.
* * * LOW HITPOINT WARNING * * *
Rupert hits you but does no damage. The cane toad stings you.
* * * LOW HITPOINT WARNING * * *
You hit Rupert but do no damage. Your kick misses Rupert.
You peck Rupert, but do no damage.
Rupert is severely wounded.
Rupert hits you with a +2 great mace of protection!!
You die...
Rupert roars with triumph.

##P.## #....(.
......# .....#
###...P.
####.....#.#
###.....@....#
.......@...#
###.##F#...#
#. ..#...) ..
....... ?#.
....# . ..##
....# .# ..P.#
.. ....#


You could see Rupert (berserk) and a cane toad.

Vanquished Creatures
  Erica (Lair:1)
  A hydra (Lair:2)
  The ghost of cforsyth the Fighter, a journeyman DjDe of Hepliaklqana (D:9)
  A two-headed ogre (D:10)
  A black mamba (Lair:1)
  Joseph (D:8)
  2 cane toads
  An unseen horror (D:10)
  3 kobold demonologists
  2 trolls
  3 komodo dragons
  A hornet (D:10)
  The ghost of tinfoiltophat the Magician, an amateur DjFE of Jiyva (D:3)
  3 dream sheep (D:10)
  3 blink frogs (Lair:1)
  Eustachio (D:5)
  3 shadows
  A vampire (D:10)
  2 wraiths
  A wyvern (Lair:1)
  3 basilisks
  Grum (D:8)
  9 yaks
  2 steam dragons
  4 nagas (Lair:2)
  An acid dragon (D:9)
  5 water moccasins
  4 sky beasts
  8 orc warriors
  An ogre (D:5)
  3 ice beasts
  2 black bears
  4 centaurs
  11 wolves
  2 phantoms
  10 kobold brigands
  7 bullfrogs
  A gnoll sergeant (D:9)
  4 scorpions
  3 wights (D:10)
  5 electric eels
  4 howler monkeys
  3 jellies
  3 orc priests
  7 hounds
  Crazy Yiuf (D:3)
  2 gnoll boudas
  3 iguanas (D:5)
  2 sleepcaps
  10 orc wizards
  Robin (D:4)
  9 adders
  15 gnolls
  2 shadow imps
  4 white imps
  2 ufetubi
  7 worms
  5 dart slugs
  31 orcs
  5 ball pythons
  5 bats
  7 endoplasms
  4 giant cockroaches
  15 hobgoblins
  14 jackals
  3 quokkas
  6 frilled lizards
  22 goblins
  6 kobolds
  6 rats
327 creatures vanquished.

Vanquished Creatures (others)
  An orc (D:8)
1 creature vanquished.

Grand Total: 328 creatures vanquished

Notes
Turn   | Place    | Note
-------+----------+-------------------------------------------
     0 | D:1      | greasedhog the Tengu Fighter began the quest for the Orb.
     0 | D:1      | Reached XP level 1. HP: 14/14 MP: 2/2
   164 | D:1      | Reached XP level 2. HP: 19/19 MP: 3/3
   253 | D:1      | Upgraded the game from 0.31-a0-795-g5eb97db20b to
                  | 0.31-a0-818-ge7c7cf74f0
   258 | D:1      | Reached skill level 3 in Polearms
   386 | D:1      | Reached XP level 3. HP: 20/23 MP: 4/4
   901 | D:2      | Found a glowing silver altar of Zin.
   998 | D:2      | Reached XP level 4. HP: 29/29 MP: 5/5
  1024 | D:2      | Reached skill level 4 in Polearms
  1649 | D:3      | Reached XP level 5. HP: 17/33 MP: 6/6
  1733 | D:3      | Found a runed translucent door.
  1738 | D:3      | Noticed tinfoiltophat's ghost (amateur DjFE)
  1792 | D:3      | Reached skill level 5 in Polearms
  1836 | D:3      | Found a runed translucent door.
  1837 | D:3      | Noticed Crazy Yiuf
  2248 | D:3      | Noticed a sky beast
  2251 | D:3      | Reached XP level 6. HP: 39/39 MP: 7/7
  2271 | D:3      | Killed a sky beast
  2272 | D:3      | Reached skill level 6 in Polearms
  2298 | D:3      | Found a stormy altar of Qazlal.
  2452 | D:3      | Killed Crazy Yiuf
  2499 | D:3      | Killed tinfoiltophat's ghost
  2500 | D:3      | Reached skill level 5 in Fighting
  2500 | D:3      | Reached skill level 7 in Polearms
  2500 | D:3      | Gained mutation: Your magical flight helps you evade
                  | attacks. (EV +4) [Tengu growth]
  2500 | D:3      | Reached XP level 7. HP: 44/44 MP: 8/8
  2613 | D:4      | Found a staircase to the Ecumenical Temple.
  2690 | Temple   | Entered the Ecumenical Temple
  2836 | D:4      | Found a snail-covered altar of Cheibriados.
  2924 | D:4      | Found a sparkling altar of Nemelex Xobeh.
  3191 | D:4      | Found a broken altar of Ashenzari.
  3195 | D:4      | Saw a vision of the Swamp and the Snake Pit.
  3195 | D:4      | Noticed an anaconda
  3195 | D:4      | Noticed a naga warrior
  3195 | D:4      | Noticed a goliath frog
  3195 | D:4      | Noticed a spriggan druid
  3195 | D:4      | Noticed a mana viper
  3195 | D:4      | Noticed a black mamba
  3195 | D:4      | Noticed an alligator
  3195 | D:4      | Noticed a ghost crab
  3195 | D:4      | Noticed a naga ritualist
  3195 | D:4      | Noticed a tyrant leech
  3195 | D:4      | Noticed a naga sharpshooter
  3197 | D:4      | Noticed a black mamba
  3201 | D:4      | Noticed a tyrant leech
  3236 | D:4      | Found Qouguj's Overcharged Wands.
  3303 | D:4      | Found a basalt altar of Yredelemnul.
  3313 | D:4      | Noticed Robin
  3323 | D:4      | Killed Robin
  3324 | D:4      | Reached skill level 8 in Polearms
  3368 | D:4      | Reached XP level 8. HP: 44/49 MP: 9/9
  3598 | D:5      | Entered Level 5 of the Dungeon
  3772 | D:5      | Reached skill level 5 in Armour
  3847 | D:5      | Reached skill level 9 in Polearms
  4000 | D:5      | Noticed Eustachio
  4026 | D:5      | Killed Eustachio
  4313 | D:5      | Reached skill level 10 in Polearms
  4321 | D:5      | Reached XP level 9. HP: 55/55 MP: 10/10
  4878 | D:5      | Found an ornate altar of the Wu Jian Council.
  4881 | D:5      | Found a sacrificial altar of Ru.
  4882 | D:5      | Found a white marble altar of Elyvilon.
  4889 | D:5      | Found a shadowy altar of Dithmenos.
  5060 | D:6      | Identified the +1 short sword of Sequestration {flame,
                  | rElec rPois rF- Str+3}
  5625 | D:7      | Reached skill level 11 in Polearms
  6020 | D:7      | Found a hazy altar of Hepliaklqana.
  6191 | D:7      | Found a shimmering altar of Xom.
  6546 | D:8      | Noticed Joseph
  6604 | D:8      | Noticed a troll
  6935 | D:7      | Killed a troll
  6936 | D:7      | Reached skill level 12 in Polearms
  6939 | D:7      | Reached XP level 10. HP: 34/64 MP: 11/11
  6951 | D:8      | Noticed Grum
  6957 | D:8      | Killed Grum
  7185 | D:8      | Reached skill level 13 in Polearms
  7244 | D:8      | Killed Joseph
  7536 | D:9      | Found a flagged portal.
  7597 | Bailey   | Entered a bailey
  8182 | Bailey   | Acquired the +0 hat "Qasyxtunt" {rPois Regen+ SInv}
  8202 | Bailey   | Acquired the +3 pair of gloves "Yshrurull" {Fly Will+ MP+9}
  8452 | Bailey   | Found an iron altar of Okawaru.
  8452 | Bailey   | Noticed a kobold demonologist
  8452 | Bailey   | Noticed a kobold demonologist
  8468 | Bailey   | Killed a kobold demonologist
  8469 | Bailey   | Reached skill level 14 in Polearms
  8490 | Bailey   | Killed a kobold demonologist
  8494 | Bailey   | Became a worshipper of Warmaster Okawaru
  8611 | D:9      | Reached skill level 1 in Invocations
  8781 | D:9      | Found a staircase to the Lair.
  8821 | D:8      | Reached XP level 11. HP: 28/71 MP: 13/13
  8865 | D:9      | Reached * piety under Okawaru
  9064 | D:9      | Found a staircase to the Orcish Mines.
  9106 | D:9      | Found a runed translucent gate.
  9106 | D:9      | Noticed cforsyth's ghost (journeyman DjDe)
  9108 | D:9      | Found a runed translucent gate.
  9108 | D:9      | Found a runed translucent gate.
  9376 | D:9      | Found an iron altar of Okawaru.
  9405 | D:9      | Found an ancient bone altar of Kikubaaqudgha.
  9581 | D:9      | Killed cforsyth's ghost
  9581 | D:9      | Reached ** piety under Okawaru
  9586 | D:9      | Noticed a sun demon
  9599 | D:9      | Reached skill level 10 in Fighting
  9603 | D:9      | Reached skill level 5 in Invocations
  9759 | D:10     | Entered Level 10 of the Dungeon
  9873 | D:10     | Noticed a two-headed ogre
  9885 | D:10     | Killed a two-headed ogre
  9934 | D:10     | Reached *** piety under Okawaru
  9952 | D:10     | Found the +5 robe of Night {Dark Will+ SInv}
 10048 | D:10     | Identified the +2 ring mail of Inference {Rampage}
 10063 | D:10     | Paralysed by a hornet for 1 turns
 10202 | D:10     | Found a shimmering blue altar of Sif Muna.
 10361 | D:10     | Found Wiplits's Weapon Shoppe.
 10364 | D:10     | Bought a +2 trident of freezing for 237 gold pieces
 10607 | Lair:1   | Entered Level 1 of the Lair of Beasts
 10655 | Lair:1   | Reached **** piety under Okawaru
 10807 | Lair:1   | Reached XP level 12. HP: 77/77 MP: 18/18
 11054 | Lair:1   | Noticed Erica
 11066 | Lair:1   | Killed Erica
 11376 | Lair:2   | Noticed a five-headed hydra
 11385 | Lair:2   | Killed a five-headed hydra
 11681 | Lair:2   | Reached ***** piety under Okawaru
 11836 | Lair:2   | Found a staircase to the Snake Pit.
 12097 | Lair:3   | Noticed Rupert
 12134 | Lair:3   | Demolished by Rupert

Illustrated notes

Levels and vault maps discovered:
D:1:      orjb1_lava_funnel, layout_loops_cross, serial_forest,
          infiniplex_forest_straight_1, infiniplex_forest_fountain,
          infiniplex_forest_lined_2, infiniplex_forest_lined_4_way,
          infiniplex_forest_clump_diagonal, infiniplex_forest_end_2,
          infiniplex_forest_clump_double, infiniplex_forest_straight_3,
          infiniplex_forest_3_way, dk_noncrumbling_2
D:2:      layout_basic, basic_altar
D:3:      layout_basic, nicolae_qazlal_beasts_of_the_sky,
          hellmonk_ghost_happy_afterlife, chequers_avenue,
          uniq_crazy_yiuf_cottage
D:4:      layout_basic, slow_altar_1, mainiacjoe_overflow_alcove_4,
          general_overflow_altar, grunt_ashenzari_visionary
          [grunt_ashenzari_visionary_swamp, grunt_ashenzari_visionary_snake],
          minmay_temple_entry_glass, nicolae_shop_overcharged_wands, uniq_robin
D:5:      kennysheep_six_static_rooms, layout_layer_cave,
          nicolae_overflow_macrodata_refinement, serial_glass, glass_columns_a,
          glass_columns_a, feat_on_display, feat_on_display,
          due_unseen_surprise, minmay_strange_pillars, roderic_roman_lattice,
          minmay_fractal_squares_gapless_5, uniq_eustachio
D:6:      layout_basic
D:7:      layout_loops_cross, mainiacjoe_overflow_small_starburst, tgw_xom,
          serial_demonic, serial_demonic_c, serial_demonic_b, serial_demonic_c,
          serial_demonic_d
D:8:      layout_rooms, uniq_joseph, uniq_grum
D:9:      layout_long_grid, mainiacjoe_overflow_two_lobes, erik_lair_island,
          enter_bailey_5, gammafunk_ghost_nasty_kobolds
D:10:     layout_loops_ring, overflow_temple_1_default, serial_shops,
          nicolae_shop_pleasant_corner_grove, hellmonk_guarded_unrand_night
Temple:   hellmonk_temple_flake
Lair:1:   layout_chaotic_city, uniq_erica
Lair:2:   layout_long_grid, minmay_snake_entry_guardpost_large,
          lemuel_old_faithful
Lair:3:   layout_loops_ring, skrybe_swamp_entry_bodies, uniq_rupert

Skill      XL: |  1  2  3  4  5  6  7  8  9 10 11 12 |
---------------+-------------------------------------+-----
Polearms       | 3 4 5 7 8 10 12 14 | 14.1
Fighting       | 4 5 6 7 9 10 | 10.2
Armour         | 4 5 6 8 |  8.3
Invocations    | 2 7 9 |  9.5
Shields        | |  3.0

Action                     |  1- 3 |  4- 6 |  7- 9 | 10-12 || total
---------------------------+-------+-------+-------+-------++-------
  Melee: Trident           |    77 |   111 |   133 |   230 ||   551
         Kick              |    14 |    22 |    90 |   245 ||   371
         Peck              |     7 |     9 |    63 |   167 ||   246
         Spear             |       |       |   256 |   607 ||   863
  Throw: Dart              |       |       |       |     3 ||     3
         Throwing net      |       |       |       |     1 ||     1
 Invoke: Heroism           |       |       |       |     3 ||     3
         Finesse           |       |       |       |     1 ||     1
  Evoke: Wand              |       |       |       |     4 ||     4
    Use: Potion            |       |     1 |     1 |     2 ||     4
         Scroll            |       |       |     7 |     4 ||    11
   Stab: Held in net/web   |       |       |       |     3 ||     3
 Armour: Scale mail        |     9 |       |       |       ||     9
         Chain mail        |    26 |       |       |       ||    26
         Plate armour      |     3 |    64 |   130 |   346 ||   543
  Dodge: Dodged            |    10 |    18 |    94 |   255 ||   377
  Block: Buckler           |    10 |    17 |    46 |    97 ||   170

Table legend: (Time is in decaauts)
 A = Elapsed time spent in this place.
 B = Non-inter-level travel time spent in this place.
 C = Inter-level travel time spent in this place.
 D = Time resting spent in this place.
 E = Time spent auto-exploring this place.
 F = Levels seen in this place.
 G = Mean time per level.
                   A        B        C        D        E       F      G
               +--------+--------+--------+--------+--------+-----+--------+
         Total |  11686 |  11169 |    517 |    843 |   8048 |  15 |  779.1 |
       Dungeon |   9371 |   8916 |    455 |    500 |   6753 |  10 |  937.1 |
        Temple |      1 |      1 |      0 |      0 |      0 |   1 |    1.0 |
          Lair |   1432 |   1370 |     62 |      0 |   1103 |   3 |  477.3 |
        Bailey |    880 |    880 |      0 |    343 |    192 |   1 |  880.0 |
               +--------+--------+--------+--------+--------+-----+--------+

Top non-repeatable levels by time:
     D:5: 1304 daAuts
     D:3: 1089 daAuts
     D:9: 1071 daAuts
     D:7: 1062 daAuts
     D:4: 1056 daAuts
     D:8: 926 daAuts
  Bailey: 880 daAuts
    D:10: 786 daAuts
     D:1: 781 daAuts
  Lair:1: 724 daAuts
  Lair:2: 693 daAuts
     D:2: 686 daAuts
     D:6: 606 daAuts
  Lair:3: 15 daAuts
  Temple: 1 daAuts
